 Dungeon Crawl Stone Soup version 0.32-a0-953-g508020473e (webtiles) character file.

Game seed: 5808551075420814739

1264 Autsider the Trooper (level 8, -1/43 HPs)
             Began as a Vine Stalker Warper on Apr 16, 2024.
             Slain by a yak (9 damage)
             ... on level 6 of the Dungeon.
             The game lasted 00:11:31 (4759 turns).

Autsider the Trooper (Vine Stalker Warper)          Turns: 4759, Time: 00:11:32

Health: -1/43      AC:  4    Str: 13    XL:     8   Next: 52%
Magic:  0/15       EV:  9    Int: 13    God:
Gold:   234        SH:  9    Dex: 17    Spells: 15/15 levels left

rFire   . . .        o - +2 dagger (venom)
rCold   . . .        e - +0 kite shield
rNeg    . . .        b - +0 leather armour
rPois   .            (no helmet)
rElec   .            (no cloak)
rCorr   .            (no gloves)
SInv    .            q - +0 pair of boots
Will    +....        (no amulet)
Stlth   +++          (no ring)
HPRegen 1.07/turn    (no ring)
MPRegen 0.14/turn

%: guardian spirit
@: no status effects
A: fangs 3, regeneration 1, magic shield, antimagic bite, no potion heal 2
a: no special abilities


You were on level 6 of the Dungeon.
You visited 1 branch of the dungeon, and saw 6 of its levels.

You collected 234 gold pieces.

Inventory:

Hand Weapons
 o - a +2 dagger of venom (weapon)
 A - a +2 dagger of holy wrath
Missiles
 d - 7 darts of dispersal (quivered)
 C - 5 poisoned darts
Armour
 b - a +0 leather armour (worn)
 e - a +0 kite shield (worn)
 q - a +0 pair of boots (worn)
 w - an orb of guile
Jewellery
 p - a ring of flight
Talismans
 m - a beast talisman
Wands
 l - a wand of iceblast (4)
Scrolls
 c - a scroll of blinking
 i - 2 scrolls of fog
 k - a scroll of fear {unknown}
 r - a scroll of noise {unknown}
 u - a scroll of amnesia {unknown}
 v - a scroll of revelation {unknown}
 x - a scroll of immolation {unknown}
 y - a scroll of teleportation {unknown}
 B - a scroll of brand weapon {unknown}
 D - a scroll of torment {unknown}
Potions
 a - 5 potions of enlightenment
 f - 3 potions of cancellation {unknown}
 g - 2 potions of lignification
 h - 2 potions of degeneration {unknown}
 j - 2 potions of might {unknown}
 n - 2 potions of haste {unknown}
 s - a potion of heal wounds {unknown}
 t - 2 potions of attraction {unknown}
 z - 3 potions of brilliance {unknown}
 E - a potion of curing {unknown}


   Skills:
 + Level 5.1 Fighting
 + Level 5.0 Short Blades
 - Level 0.8 Throwing
 - Level 0.7 Armour
 - Level 1.5 Dodging
 - Level 4.0 Stealth
 + Level 4.0 Shields
 - Level 4.0 Spellcasting
 - Level 3.0 Translocations


You had 15 spell levels left.
You didn't know any spells.
Your spell library contained the following spells:

 Spells                   Type           Power      Damage    Failure   Level
 Blink                    Tloc           20%        N/A       36%         2
 Lesser Beckoning         Tloc           20%        N/A       36%         2
 Maxwell's Portable Pile  Tloc           10%        2d(6-16)  61%         3
 Teleport Other           Tloc           10%        N/A       61%         3
 Fugue of the Fallen      Necr           2%         N/A       95%         3
 Ozocubu's Armour         Ice            2%         N/A       95%         3
 Vhi's Electric Charge    Tloc/Air       12%        N/A       99%         4
 Dispersal                Tloc           5%         N/A       100%        6
 Gell's Gavotte           Tloc           5%         2d(13-19) 100%        6
 Manifold Assault         Tloc           5%         N/A       100%        7


Dungeon Overview and Level Annotations

Branches:
Dungeon (6/15)
 Temple: D:4-7

Altars:

Annotations:
D:1 Hidden behind water?
D:2 Sigmund
D:5 Dowan, Duvessa


Innate Abilities, Weirdness & Mutations

You have razor-sharp teeth.
Your natural rate of healing is unusually fast.
When hurt, damage is shared between your health and your magic reserves.
Your bite disrupts and absorbs the magic of your enemies.
Potions cannot restore your health.


Message History

There is an open door here.
You hit the yak.
The yak looks as sick as possible!
You bite the yak. You drain its power.
You feel invigorated.
The yak is almost dead.
You hit the yak but do no damage. You bite the yak, but do no damage.
The yak is almost dead.
You kill the yak!
Your Fighting skill increases to level 5!
Your Short Blades skill increases to level 5!
Your Shields skill increases to level 4!
You hit the yak but do no damage.
The yak is poisoned.
The yak gores you.
* * * LOW HITPOINT WARNING * * *
You hit the yak but do no damage.
The yak looks as sick as possible!
The yak gores you!
* * * LOW HITPOINT WARNING * * *
You barely miss the yak.
The yak is lightly wounded.
You block the yak's attack.
You hit the yak but do no damage.
The yak looks as sick as possible!
The yak is moderately wounded.
You block the yak's attack.
You hit the yak.
The yak looks as sick as possible!
Your bite misses the yak.
The yak is moderately wounded.
The yak gores you.
* * * LOW HITPOINT WARNING * * *
You hit the yak but do no damage.
The yak looks as sick as possible!
The yak is moderately wounded.
The yak gores you!
* * * LOW HITPOINT WARNING * * *
There is a stone staircase leading up here.
You hit the yak but do no damage.
The yak looks as sick as possible!
You bite the yak, but do no damage.
The yak is severely wounded.
You block the yak's attack.
You hit the yak but do no damage.
The yak looks as sick as possible!
The yak is severely wounded.
The yak gores you!
* * * LOW HITPOINT WARNING * * *
The yak attacks as it pursues you! The yak gores you!
You die...

#'# #.#####
###.....#
#....##.#
#...Y##.#
#....Y..#########
#.....###.......#
#.....###.......#
#.......'..<..Y@#
#########...[...#
#########


You could see a yak (extremely poisoned).

Vanquished Creatures
  2 yaks (D:6)
  A water moccasin (D:3)
  An ogre (D:5)
  A phantom (D:5)
  Blork the orc (D:4)
  3 scorpions
  4 orc priests
  4 hounds (D:5)
  3 iguanas
  An orc wizard (D:4)
  6 adders
  A white imp (D:6)
  An ufetubus (D:4)
  3 ribbon worms
  2 dart slugs
  11 orcs
  A bat (D:3)
  8 endoplasms
  A giant cockroach (D:2)
  6 hobgoblins
  3 jackals (D:4)
  A quokka (D:5)
  5 ball pythons
  3 frilled lizards
  4 goblins
  5 kobolds
  3 rats
85 creatures vanquished.

Notes
Turn   | Place    | Note
-------+----------+-------------------------------------------
     0 | D:1      | Autsider the Vine Stalker Warper began the quest for the
                  | Orb.
     0 | D:1      | Reached XP level 1. HP: 11/11 MP: 4/4
   128 | D:1      | Reached skill level 1 in Stealth
   128 | D:1      | Reached XP level 2. HP: 12/15 MP: 3/6
   281 | D:1      | Found a faded altar of an unknown god.
   281 | D:1      | You fall into a shaft and drop 1 floor!
   440 | D:2      | Noticed Sigmund
   698 | D:1      | Reached XP level 3. HP: 18/18 MP: 7/7
  1697 | D:3      | Reached XP level 4. HP: 23/23 MP: 5/8
  2819 | D:3      | Noticed a water moccasin
  2821 | D:3      | Killed a water moccasin
  2822 | D:3      | Reached skill level 1 in Shields
  2822 | D:3      | Reached XP level 5. HP: 28/28 MP: 9/9
  3015 | D:4      | Reached XP level 6. HP: 20/32 MP: 4/10
  3616 | D:4      | Reached XP level 7. HP: 22/37 MP: 7/11
  3791 | D:4      | Noticed Blork the orc
  3804 | D:4      | Killed Blork the orc
  3823 | D:5      | Entered Level 5 of the Dungeon
  4349 | D:5      | Gained mutation: You have razor-sharp teeth. [Vine Stalker
                  | growth]
  4349 | D:5      | Reached XP level 8. HP: 42/42 MP: 14/14
  4352 | D:5      | Noticed Duvessa
  4352 | D:5      | Noticed Dowan
  4709 | D:6      | Noticed a yak
  4709 | D:6      | Noticed a yak
  4709 | D:6      | Noticed a yak
  4730 | D:6      | Killed a yak
  4744 | D:6      | Killed a yak
  4745 | D:6      | Reached skill level 5 in Fighting
  4745 | D:6      | Reached skill level 5 in Short Blades
  4759 | D:6      | Slain by a yak

Illustrated notes

Levels and vault maps discovered:
D:1:      mrwooster_arrival_statue_3, layout_basic,
          ebering_ecumenical_altar_petrified, chequers_serial_rivers_room_b,
          chequers_serial_rivers_small_3
D:2:      layout_basic, uniq_sigmund
D:3:      layout_basic, serial_curves, eino_curves_03, eino_curves_03
D:4:      layout_gridville, uniq_blork_the_orc
D:5:      wad_river_or_something, layout_basic, lemuel_temple_firewalk_a,
          uniq_duvessa
D:6:      layout_basic, mainiacjoe_overflow_tiny_flanked, serial_shops,
          kennysheep_mini

Skill      XL: |  1  2  3  4  5  6  7  8 |
---------------+-------------------------+-----
Fighting       | 2 3 4 5 |  5.1
Short Blades   | 2 3 4 5 |  5.0
Stealth        | 1 2 3 4 |  4.0
Shields        | 1 2 3 4 |  4.0
Spellcasting   | 3 4 |  4.0
Throwing       | |  0.8
Armour         | |  0.7
Dodging        | |  1.5
Translocations | |  3.0

Action                     |  1- 3 |  4- 6 |  7- 9 || total
---------------------------+-------+-------+-------++-------
  Melee: Short sword       |   110 |     5 |       ||   115
         Bite              |    24 |    18 |    48 ||    90
         Dagger            |       |    67 |   124 ||   191
  Evoke: Wand              |       |     3 |       ||     3
    Use: Scroll            |     1 |       |     3 ||     4
   Stab: Sleeping          |     2 |     5 |     5 ||    12
         Distracted        |       |     2 |     1 ||     3
 Armour: Leather armour    |    49 |    43 |    55 ||   147
  Dodge: Dodged            |    37 |    19 |    30 ||    86
  Block: Kite shield       |    33 |    28 |    43 ||   104

Table legend: (Time is in decaauts)
 A = Elapsed time spent in this place.
 B = Non-inter-level travel time spent in this place.
 C = Inter-level travel time spent in this place.
 D = Time resting spent in this place.
 E = Time spent auto-exploring this place.
 F = Levels seen in this place.
 G = Mean time per level.
                   A        B        C        D        E       F      G
               +--------+--------+--------+--------+--------+-----+--------+
         Total |   4781 |   4300 |    481 |    170 |   3164 |   6 |  796.8 |
       Dungeon |   4781 |   4300 |    481 |    170 |   3164 |   6 |  796.8 |
               +--------+--------+--------+--------+--------+-----+--------+

Top non-repeatable levels by time:
     D:2: 1298 daAuts
     D:3: 1100 daAuts
     D:4: 919 daAuts
     D:5: 781 daAuts
     D:1: 607 daAuts
     D:6: 73 daAuts
